Map: Terrenos sagrados

Players

MrFercho

  • Race: Terran Terran
  • Spawn Location: 12:00

tigro

  • Race: Terran Terran
  • Spawn Location: 12:00

IA (Muy difícil) - Winner!

  • Race: Protoss Protoss
  • Spawn Location: 6:00

IA (Muy difícil)

  • Race: Protoss Protoss
  • Spawn Location: 6:00

VOD

Have the link to the VOD?

Description

Time

  • Played on: July 29, 2019, 11:28 p.m.
  • Length: 20:32
Show
View Real Time Build Order
Export as new Build Order

MrFercho Terran 

Build Orders:  

Get SALT Encoding   

  12  0:02  SCV  
  13  0:15  SCV  
  14  0:29  Supply Depot  
  14  0:32  SCV  
  15  0:40  Refinery  
  15  0:52  Engineering Bay, SCV  
  16  1:04  SCV  
  17  1:17  SCV  
  18  1:29  SCV  
  19  1:39  Barracks  
  18  2:20  Refinery  
  18  2:23  SCV  
  19  2:31  Reaper  
  19  2:34  Supply Depot  
  19  2:35  SCV  
  21  2:41  Terran Infantry Weapons Level 1  
  21  2:47  SCV  
  22  2:59  SCV  
  22  3:03  Reaper  
  24  3:13  Orbital Command  
  24  3:17  Command Center  
  24  3:33  Factory  
  23  3:36  Reaper  
  23  3:39  Supply Depot  
  23  4:14  Barracks Tech Lab  
  23  4:35  Sensor Tower  
  23  5:16  Factory Tech Lab  
  23  5:27  Engineering Bay  
  23  5:30  Armory  
  23  5:40  Refinery  
  23  5:43  SCV  
  24  5:55  Terran Infantry Armor Level 1, SCV  
  25  5:58  Armory  
  25  6:01  Neosteel Armor  
  25  6:07  SCV, Refinery  
  26  6:19  Armory, SCV  
  27  6:31  SCV  
  28  6:51  Barracks  
  28  6:52  Barracks  
  28  7:17  Missile Turret  
  28  7:34  Supply Depot  
  28  7:40  Missile Turret  
  28  7:41  Hi-Sec Auto Tracking  
  28  7:43  Factory  
  28  7:44  Starport  
  28  7:45  Barracks Tech Lab x2  
  28  7:49  Terran Vehicle Weapons Level 1  
  28  7:50  Terran Vehicle And Ship Armor Level 1  
  28  7:53  Combat Shield  
  28  8:00  Bunker  
  28  8:01  SCV  
  29  8:13  SCV  
  30  8:20  Starport  
  30  8:25  SCV  
  31  8:37  SCV  
  32  8:46  Starport Tech Lab  
  32  8:49  SCV  
  33  9:01  SCV  
  34  9:03  Fusion Core  
  34  9:07  Ghost Academy  
  34  9:08  Marine x3  
  37  9:19  Starport Tech Lab  
  37  9:25  Marine  
  37  9:26  Marine x2  
  40  9:38  Sensor Tower  
  40  9:44  Marauder x3  
  46  9:45  Factory Tech Lab  
  46  9:53  Thor  
  49  10:05  Marauder x2  
  49  10:06  Marauder  
  52  10:08  Missile Turret  
  46  10:24  Medivac x2  
  43  10:36  Thor  
  39  10:54  Marine x2  
  29  11:06  Siege Tank  
  32  11:12  Marine  
  32  11:21  Banshee x2  
  32  11:30  Marine  
  31  11:38  Siege Tank  
  29  12:04  Banshee  
  32  12:28  Supply Depot  
  32  12:50  Command Center  
  32  12:51  Supply Depot  
  32  13:08  Siege Tank  
  35  13:15  Supply Depot  
  35  13:32  Terran Infantry Weapons Level 2, Terran Infantry Armor Level 2  
  35  13:37  Supply Depot  
  35  13:40  Siege Tank  
  38  13:47  SCV  
  39  13:59  SCV  
  39  14:01  Supply Depot  
  40  14:12  SCV  
  41  14:24  SCV  
  42  14:31  Weapon Refit  
  42  14:34  Refinery  
  42  14:36  SCV  
  43  15:00  Refinery  
  43  15:13  Sensor Tower, Marine x2  
  45  15:31  Marine  
  45  15:32  Marauder  
  48  15:36  Bunker  
  48  15:44  Missile Turret  
  48  15:49  Marauder  
  50  16:03  SCV  
  51  16:15  SCV  
  52  16:36  Viking  
  54  17:19  Sensor Tower  
  54  17:38  Bunker  
Show
View Real Time Build Order
Export as new Build Order

tigro Terran 

Build Orders:  

Get SALT Encoding   

  12  0:17  SCV  
  13  0:28  Refinery  
  13  0:29  SCV  
  14  0:40  Supply Depot  
  14  0:41  SCV  
  15  0:54  Refinery  
  15  1:02  SCV  
  16  1:13  Barracks  
  16  1:14  SCV  
  17  1:26  SCV  
  18  1:38  SCV  
  19  2:02  SCV  
  19  2:05  Engineering Bay  
  19  2:06  Barracks Tech Lab  
  20  2:26  Marine  
  20  2:29  Combat Shield  
  21  2:43  Supply Depot  
  21  2:44  Marine, Planetary Fortress  
  22  3:02  Marine  
  23  3:11  Missile Turret  
  23  3:19  Marine  
  24  3:30  Terran Infantry Weapons Level 1  
  24  3:32  Missile Turret  
  24  3:37  Marine  
  25  3:55  Marine  
  25  3:59  Missile Turret  
  36  4:10  Stimpack  
  26  4:13  Marine  
  27  4:27  Missile Turret  
  27  4:31  Marine  
  28  4:49  Marauder  
  28  4:50  Missile Turret  
  30  5:16  Factory  
  30  5:25  Terran Infantry Armor Level 1  
  30  5:49  Concussive Shells  
  30  6:06  Factory Tech Lab  
  30  6:12  Missile Turret  
  30  6:28  Infernal Pre-Igniter  
  30  6:40  Armory  
  30  7:10  Supply Depot  
  30  7:19  Hi-Sec Auto Tracking  
  30  7:29  Missile Turret  
  30  7:31  Marauder  
  30  7:33  Thor  
  38  7:47  Mag-Field Accelerator  
  38  7:51  Supply Depot  
  38  8:04  Starport  
  40  8:13  Marauder  
  40  8:15  Thor  
  40  8:16  Neosteel Armor  
  46  8:25  Terran Vehicle Weapons Level 1  
  46  8:51  Supply Depot  
  46  9:04  Starport Tech Lab  
  46  9:13  Marauder  
  46  9:14  Command Center  
  48  9:34  Marauder  
  50  9:55  Marauder, Terran Infantry Weapons Level 2, Drilling Claws  
  52  10:10  Medivac  
  54  10:19  Terran Vehicle And Ship Armor Level 1  
  48  10:29  Missile Turret  
  36  10:37  Refinery  
  36  10:38  Marauder  
  36  10:40  Medivac  
  28  11:00  Marauder  
  24  11:14  Smart Servos  
  24  11:21  Marauder, Thor  
  28  11:43  Marauder  
  28  11:59  Banshee  
  31  12:14  Terran Ship Weapons Level 1  
  31  12:39  Barracks  
  31  12:40  SCV  
  31  12:42  Viking  
  34  12:52  SCV  
  35  13:02  Thor  
  35  13:04  SCV  
  35  13:05  Refinery  
  42  13:12  Banshee  
  45  13:28  Missile Turret  
  45  13:42  Orbital Command  
  45  13:45  Siege Tank  
  48  14:27  Missile Turret  
  48  14:44  Barracks Tech Lab  
  48  15:07  Marauder  
  50  15:24  Missile Turret  
  50  15:28  Marauder  
  52  15:49  Marauder  
  54  16:11  Marauder  
  56  16:32  Marauder  
  58  16:38  Thor  
  64  16:57  Fusion Core  
  64  17:21  Thor  
  52  17:55  Marauder  
  37  18:17  Marauder  
  22  18:59  Banshee  
  19  19:34  Barracks  
Show
View Real Time Build Order
Export as new Build Order

IA (Muy difícil) Protoss - Winner!

Build Orders: 1 Gate Expand, Zealot Archon 

Get SALT Encoding   

  12  0:01  Probe  
  13  0:13  Probe  
  14  0:21  Pylon  
  14  0:25  Probe  
  15  0:35  Probe  
  16  0:43  Probe  
  17  0:52  Gateway, Probe  
  18  1:00  Probe  
  18  1:09  Probe  
  19  1:12  Assimilator  
  19  1:15  Pylon  
  20  1:33  Nexus  
  20  1:45  Cybernetics Core  
  20  1:47  Probe  
  21  1:51  Zealot  
  23  2:10  Gateway, Probe  
  24  2:22  Pylon, Probe  
  25  2:28  Zealot  
  27  2:34  Warp Gate, Probe  
  28  2:42  Probe  
  28  2:44  Assimilator  
  28  2:45  Probe  
  30  2:55  Adept  
  32  2:58  Probe  
  32  2:59  Adept  
  35  3:08  Probe  
  35  3:11  Pylon  
  36  3:14  Probe  
  37  3:21  Probe  
  37  3:24  Probe  
  37  3:25  Stalker  
  41  3:33  Probe  
  42  3:36  Robotics Facility  
  42  3:38  Adept  
  45  3:41  Probe  
  45  3:42  Probe  
  46  3:50  Probe  
  46  3:51  Adept  
  46  3:53  Probe  
  48  3:59  Probe  
  51  4:05  Probe  
  51  4:08  Adept, Pylon  
  54  4:11  Probe  
  55  4:17  Probe  
  55  4:23  Immortal  
  60  4:29  Stalker, Probe  
  60  4:31  Probe  
  64  4:35  Pylon  
  64  4:41  Probe  
  64  4:42  Probe  
  64  4:45  Robotics Facility  
  66  4:46  Stalker  
  66  4:49  Stalker  
  70  4:54  Probe  
  70  4:59  Probe  
  72  5:02  Immortal  
  72  5:05  Pylon  
  76  5:11  Pylon  
  76  5:14  Stalker  
  78  5:22  Stalker  
  78  5:23  Probe  
  78  5:28  Twilight Council  
  81  5:29  Probe  
  81  5:35  Assimilator  
  82  5:37  Assimilator  
  82  5:44  Pylon  
  82  5:51  Gateway  
  82  5:55  Zealot  
  84  5:57  Probe  
  84  5:59  Probe  
  86  6:06  Dark Shrine  
  86  6:09  Probe  
  88  6:11  Probe  
  88  6:18  Sentry  
  88  6:20  Pylon  
  88  6:23  Stalker  
  92  6:37  Pylon  
  92  6:40  Gateway  
  92  6:41  Zealot  
  92  6:44  Stalker  
  92  6:46  Sentry  
  98  7:00  Forge  
  98  7:05  Templar Archives  
  98  7:14  Forge  
  98  7:18  Warp Prism  
  98  7:21  Dark Templar x2  
  98  7:22  Pylon  
  104  7:29  Observer  
  105  7:34  Gateway  
  105  7:35  Archon  
  105  7:36  Photon Cannon  
  105  7:39  Pylon  
  105  7:42  Pylon, Nexus  
  105  7:43  High Templar  
  105  7:44  High Templar  
  109  7:50  Warp Prism  
  111  7:57  High Templar  
  113  8:01  Photon Cannon, Archon  
  113  8:03  Photon Cannon  
  113  8:12  High Templar  
  115  8:26  High Templar  
  117  8:27  Gateway, Archon  
  117  8:28  Zealot x2  
  121  8:38  Photon Cannon  
  121  8:41  High Templar  
  123  8:54  High Templar, Archon  
  123  8:55  Probe x2  
  126  8:56  Probe  
  126  8:57  Zealot  
  126  8:59  Assimilator  
  130  9:06  Pylon, Nexus  
  130  9:07  Probe  
  130  9:08  Probe  
  130  9:09  Probe, High Templar  
  135  9:12  Assimilator  
  135  9:15  Pylon  
  135  9:20  Photon Cannon  
  135  9:21  Probe x3  
  135  9:22  High Templar  
  135  9:23  Archon  
  140  9:30  Photon Cannon  
  140  9:33  Probe x3  
  140  9:34  High Templar  
  145  9:40  Photon Cannon  
  145  9:43  Photon Cannon  
  145  9:45  Probe x2, High Templar  
  149  9:46  Photon Cannon, Probe, Archon  
  149  9:48  Photon Cannon  
  150  9:54  Pylon  
  150  9:55  Probe, High Templar  
  150  9:57  Photon Cannon, Probe x2  
  155  10:03  High Templar  
  157  10:11  Archon  
  157  10:13  High Templar  
  159  10:22  High Templar  
  159  10:24  Assimilator  
  159  10:27  Pylon, Archon, Observer  
  162  10:30  Assimilator  
  162  10:33  Zealot  
  164  10:36  Photon Cannon, High Templar  
  164  10:41  Observer  
  167  10:46  Probe  
  167  10:48  Archon  
  167  10:49  Dark Templar  
  169  10:57  High Templar  
  171  11:00  Zealot x2  
  171  11:03  Nexus  
  175  11:04  Probe, High Templar  
  175  11:11  High Templar  
  179  11:18  High Templar  
  179  11:24  Dark Templar  
  183  11:32  Psionic Storm, Archon  
  183  11:35  Stalker  
  183  11:37  Stalker  
  187  11:42  Zealot  
  187  11:43  Sentry  
  191  11:50  High Templar  
  191  11:51  Zealot  
  195  11:56  Zealot  
  195  12:00  High Templar  
  197  12:03  Protoss Ground Weapons Level 1, Zealot  
  197  12:08  High Templar  
  197  12:14  Archon  
  197  12:15  High Templar  
  195  12:22  High Templar  
  197  12:29  High Templar, Archon  
  199  12:44  Immortal  
  199  12:45  Immortal  
  199  12:47  Zealot x3  
  199  12:48  Assimilator, Zealot x2  
  183  12:52  Pylon  
  183  12:53  Assimilator  
  183  12:54  Nexus  
  183  12:57  Protoss Ground Armor Level 1  
  183  12:58  Robotics Bay  
  179  13:01  Zealot x2  
  163  13:07  Zealot x2  
  163  13:08  Sentry, Zealot  
  149  13:16  Photon Cannon  
  149  13:17  Adept  
  149  13:18  Forge  
  147  13:21  Zealot  
  147  13:22  Pylon  
  147  13:23  Immortal  
  147  13:24  Adept  
  147  13:25  Sentry  
  157  13:29  Stalker  
  157  13:30  Stalker  
  157  13:31  Adept  
  157  13:33  Charge  
  163  13:36  Colossus  
  163  13:38  Adept  
  163  13:40  Adept  
  167  13:44  Photon Cannon  
  167  13:46  Photon Cannon  
  173  13:49  Photon Cannon  
  173  13:52  Robotics Facility, Gravitic Boosters  
  173  14:00  Stargate  
  173  14:02  Colossus  
  179  14:08  Zealot  
  175  14:10  Zealot x2  
  175  14:13  Assimilator, Zealot  
  175  14:14  Stalker, Zealot  
  175  14:16  Pylon  
  179  14:20  Assimilator  
  179  14:23  Immortal  
  177  14:28  Adept  
  177  14:30  Sentry, Disruptor, Zealot  
  177  14:31  Stalker  
  187  14:34  Zealot  
  187  14:37  Adept, Protoss Ground Weapons Level 2  
  191  14:39  Photon Cannon  
  191  14:41  Gravitic Drive  
  191  14:45  Pylon  
  194  14:50  Disruptor  
  194  14:51  Stalker  
  194  14:52  Protoss Ground Armor Level 2  
  196  14:59  Probe  
  199  15:10  Photon Cannon  
  199  15:11  Photon Cannon  
  199  15:21  Extended Thermal Lance  
  199  15:32  Protoss Shields Level 1  
  199  16:34  Blink  
  199  16:46  Protoss Ground Weapons Level 3  
  199  16:47  Colossus  
  199  16:50  Colossus  
  199  17:05  Protoss Ground Armor Level 3  
  199  17:40  Protoss Shields Level 2  
  199  17:41  Colossus  
  199  17:49  Colossus  
  199  17:50  Disruptor  
  198  17:52  Stalker, Adept  
  198  17:53  Stalker  
  198  17:55  Zealot x2  
  198  17:56  Adept  
  196  18:10  Zealot, Nexus  
  196  18:12  Stalker  
  196  18:15  Adept, Zealot  
  196  18:19  Sentry  
  196  18:21  Zealot  
  196  18:26  Stalker  
  196  18:35  Adept x2  
  200  19:29  Assimilator  
  200  19:31  Pylon  
  200  19:35  Assimilator  
  200  19:53  Photon Cannon  
  200  20:03  Pylon  
  200  20:25  Photon Cannon  
  200  20:26  Photon Cannon  
Show
View Real Time Build Order
Export as new Build Order

IA (Muy difícil) Protoss 

Build Orders: Archon Immortal 

Get SALT Encoding   

  12  0:01  Probe  
  13  0:13  Probe  
  14  0:21  Pylon  
  14  0:25  Probe  
  15  0:35  Probe  
  16  0:43  Probe  
  16  0:48  Assimilator  
  17  0:51  Gateway  
  17  0:53  Probe  
  18  1:01  Pylon, Probe  
  18  1:09  Probe  
  20  1:20  Probe  
  21  1:32  Probe  
  22  1:38  Zealot  
  22  1:39  Cybernetics Core  
  24  1:44  Probe  
  25  2:02  Nexus  
  25  2:15  Gateway  
  25  2:16  Zealot  
  25  2:22  Pylon  
  25  2:29  Probe  
  28  2:31  Warp Gate  
  28  2:41  Assimilator, Probe  
  29  2:47  Adept  
  31  2:53  Probe  
  31  2:55  Adept  
  32  3:05  Pylon, Probe  
  35  3:08  Adept  
  35  3:17  Probe  
  38  3:21  Stalker  
  38  3:25  Probe  
  41  3:29  Probe  
  42  3:37  Probe  
  43  3:41  Probe  
  43  3:42  Robotics Facility  
  44  3:49  Probe  
  44  3:50  Adept  
  44  3:53  Probe  
  44  3:54  Adept  
  48  4:01  Probe  
  51  4:05  Probe  
  52  4:12  Pylon  
  52  4:13  Probe x2  
  53  4:21  Probe  
  54  4:25  Probe  
  54  4:28  Stalker  
  54  4:30  Immortal  
  62  4:32  Probe  
  62  4:37  Pylon, Probe  
  64  4:41  Stalker  
  64  4:44  Probe  
  66  4:50  Probe  
  66  4:52  Robotics Facility  
  67  4:54  Stalker  
  67  4:56  Probe  
  70  5:00  Immortal  
  70  5:05  Probe  
  71  5:08  Probe  
  71  5:12  Pylon  
  76  5:16  Pylon  
  76  5:22  Stalker  
  76  5:25  Twilight Council  
  78  5:36  Assimilator  
  78  5:40  Assimilator  
  78  5:41  Probe  
  78  5:42  Probe  
  80  5:46  Pylon  
  80  5:55  Gateway  
  80  5:58  Probe  
  80  5:59  Probe  
  82  6:04  Templar Archives, Zealot  
  82  6:10  Probe x2  
  86  6:18  Pylon  
  86  6:19  Probe  
  87  6:30  Sentry  
  87  6:31  Forge  
  89  6:34  Pylon  
  89  6:36  Stalker  
  89  6:37  Forge  
  91  6:48  Protoss Ground Weapons Level 1  
  91  6:49  High Templar  
  91  6:50  Gateway  
  91  6:54  Sentry  
  95  6:59  Zealot  
  97  7:05  Warp Prism  
  97  7:08  Pylon  
  99  7:10  Observer  
  99  7:11  Photon Cannon  
  99  7:13  Pylon  
  100  7:16  Pylon  
  100  7:17  Sentry  
  100  7:19  High Templar  
  100  7:21  Stalker  
  106  7:29  Protoss Ground Armor Level 1  
  106  7:31  Warp Prism  
  106  7:33  Photon Cannon, Nexus  
  106  7:34  Archon  
  108  7:37  Photon Cannon  
  108  7:39  Photon Cannon  
  108  7:40  Stalker  
  110  7:44  High Templar  
  111  7:59  High Templar  
  111  8:03  Stalker  
  115  8:05  Archon  
  115  8:08  Gateway  
  115  8:15  Photon Cannon  
  115  8:18  High Templar  
  117  8:31  High Templar  
  119  8:36  Stalker  
  119  8:38  Archon  
  121  8:45  Probe  
  121  8:46  Probe x2  
  124  8:50  Assimilator, High Templar  
  126  8:57  Pylon  
  126  8:58  Probe x3  
  126  9:02  Photon Cannon  
  129  9:04  Assimilator  
  129  9:05  High Templar  
  129  9:08  Stalker, Pylon, Nexus  
  133  9:10  Probe  
  133  9:11  Probe x2  
  133  9:13  Psionic Storm  
  133  9:14  Gateway, Stalker  
  138  9:21  Probe  
  138  9:23  Probe  
  140  9:25  Probe  
  140  9:29  Probe  
  140  9:30  Photon Cannon  
  141  9:33  Photon Cannon  
  141  9:35  Photon Cannon, Probe  
  141  9:37  Immortal, Photon Cannon, Probe x2  
  148  9:45  Immortal  
  153  9:47  Probe  
  153  9:49  Pylon, Archon  
  153  9:50  Stalker  
  153  9:51  Archon  
  153  9:52  Archon  
  156  9:54  Stalker  
  156  9:55  Sentry  
  160  10:02  Sentry  
  162  10:13  Pylon  
  162  10:16  Observer  
  162  10:19  Photon Cannon  
  162  10:20  Protoss Ground Weapons Level 2  
  163  10:21  Probe  
  163  10:23  Zealot  
  163  10:24  Observer  
  163  10:27  Assimilator, Immortal  
  157  10:29  Stalker, Pylon  
  157  10:31  Adept  
  157  10:32  Assimilator  
  157  10:34  Stalker  
  143  10:38  Stalker  
  143  10:39  Adept  
  149  10:44  Zealot  
  147  10:52  Stalker, Sentry  
  146  10:57  Stalker  
  146  10:58  Photon Cannon  
  146  10:59  Zealot x2  
  146  11:00  Zealot  
  152  11:05  Pylon  
  152  11:07  Stalker  
  154  11:14  Observer  
  154  11:15  Adept  
  157  11:19  Stalker  
  157  11:20  Stalker, Sentry  
  157  11:21  Sentry  
  165  11:27  Photon Cannon  
  165  11:40  Zealot x2  
  165  11:42  Zealot  
  165  11:44  Observer  
  165  11:45  Nexus  
  161  11:52  Probe  
  151  11:55  Zealot  
  151  11:56  Zealot  
  151  11:57  High Templar  
  151  12:01  Probe  
  150  12:02  Stargate  
  150  12:03  Probe  
  150  12:06  Probe  
  150  12:08  Probe  
  139  12:11  Probe  
  139  12:15  Probe, High Templar  
  133  12:17  Zealot  
  133  12:18  Probe  
  133  12:20  Probe  
  133  12:22  High Templar  
  127  12:27  Probe  
  127  12:29  High Templar  
  119  12:36  High Templar  
  118  12:43  High Templar  
  109  12:58  High Templar  
  111  12:59  Nexus  
  111  13:02  Twilight Council  
  111  13:05  Robotics Facility  
  90  13:09  Pylon  
  44  13:20  Nexus  
  43  13:30  Adept  
  45  13:39  Pylon  
  45  13:44  Zealot  
  45  13:46  Pylon  
  46  13:50  Nexus  
  44  14:04  High Templar  
  41  14:12  Twilight Council  
  41  14:16  Nexus  
  32  14:27  High Templar  
  19  14:52  Archon  
  16  15:07  Nexus  
Tags
 
Add a new tag
Caveats
  • Supply blocks, unpowered buildings, or Contaminate may cause inaccurate times.
  • Supply counts are checked every 10 seconds.